 Dungeon Crawl Stone Soup version 0.14-a0-1444-g21dc12d (webtiles) character file.

210 July the Sneak (level 4, -4/21 HPs)
             Began as a Spriggan Enchanter on Dec 13, 2013.
             Slain by Grinder (5 damage)
             ... while paralysed by Grinder
             ... on Level 3 of the Dungeon.
             The game lasted 00:10:44 (2951 turns).

July the Sneak (Spriggan Enchanter)                 Turns: 2951, Time: 00:10:45

HP  -4/21        AC  3     Str  5      XL: 4   Next: 79%
MP  17/17        EV  4     Int 16      God:
Gold 87          SH  0     Dex 16      Spells:  2 memorised, 10 levels left

rFire  . . .     SeeInvis +     h - +1,+3 dagger (venom)
rCold  . . .     Clarity  .     b - +1 robe
rNeg   . . .     Conserve .     (shield restricted)
rPois  .         rCorr    .     (helmet restricted)
rElec  .         rRot     .     (no cloak)
SustAb . .       Spirit   .     (gloves unavailable)
rMut   .         Warding  .     (boots unavailable)
Saprov . . .     Stasis   .     (no amulet)
                                (no ring)
                                (no ring)

@: paralysed, very quick, slightly resistant to hostile enchantments, quite
stealthy
A: unfitting armour, see invisible, herbivore 3, speed 3, slow metabolism 2
a: no special abilities


You were on level 3 of the Dungeon.
You were not hungry.

You visited 1 branch of the dungeon, and saw 4 of its levels.

You collected 87 gold pieces.

Inventory:

Hand weapons
 h - a +1,+3 dagger of venom (weapon)
 x - a +1,+0 short sword of venom
Missiles
 d - 11 darts (quivered)
Armour
 b - a +1 robe (worn)
 p - a +0 robe
Comestibles
 m - an apple
 v - a bread ration
 w - a cheese
Scrolls
 g - a scroll of enchant armour {unknown}
 j - a scroll of identify {unknown}
 k - a scroll of recharging {unknown}
 l - 2 scrolls of amnesia
 n - 4 scrolls of teleportation
 q - a scroll of fear {unknown}
 r - a scroll of random uselessness {unknown}
 t - a scroll of enchant weapon II
Jewellery
 y - an uncursed ring of teleportation
Potions
 e - a potion of porridge
 f - 3 potions of speed {unknown}
 o - 2 potions of heal wounds {unknown}
 s - a potion of might {unknown}
 u - a potion of resistance {unknown}
Books
 c - a book of Maledictions

   Spells                             Type                      Level
   *Corona                            Hexes                        1
   Sure Blade                         Hexes/Charms                 2
   *Ensorcelled Hibernation           Hexes/Ice                    2
   Confuse                            Hexes                        3
   Enslavement                        Hexes                        4
   Invisibility                       Hexes                        6


   Skills:
 - Level 1.1 Short Blades
 - Level 1.1 Throwing
 - Level 3.0 Dodging
 - Level 5.3 Stealth
 * Level 5.2 Spellcasting
 - Level 3.6 Hexes


You had 10 spell levels left.
You knew the following spells:

 Your Spells              Type           Power        Failure   Level  Hunger
m - Corona                Hex            ###....      4%          1    None
s - Ensorcelled Hibernat  Hex/Ice        #.....       12%         2    #......


Dungeon Overview and Level Annotations

Branches:
Dungeon (4/16)
 Temple: D:4-7

Altars:

Annotations:
D:3 Grinder


Innate Abilities, Weirdness & Mutations

You are tiny and cannot use many weapons and most armour.
You have supernaturally acute eyesight.
You are a herbivore.
You cover ground extremely quickly.
You need consume almost no food.


Message History

Grinder blinks!
You hit the giant newt.
You kill the giant newt!
You hit Grinder but do no damage.
Grinder is severely wounded.
You hit Grinder but do no damage.
Grinder is severely wounded.
Grinder completely misses you.
You hit Grinder.
Grinder is severely wounded.
Grinder hits you.
You writhe in agony.
You hit Grinder.
Grinder is severely wounded.
Grinder gestures at you.
You suddenly lose the ability to move!
Grinder hits you!
You writhe in agony.
Grinder hits you.
* * * LOW HITPOINT WARNING * * *
You writhe in agony.
You die...

# ####.##### #
#.........# # #)<.......#
#.........#
#####'#......#
#.%..........#
#............#
#...%.5......## #####
#####.@%......#
##...##########.........#
.ยง...o..................
.....##....######.######
.....##....# (#
.....##....# .#
.....##....# .#
..#####o...# .#
.>+o.o.......... .


You could see Grinder.

Vanquished Creatures
  2 hounds (D:4)
  An ooze (D:3)
  2 orcs
  A ball python (D:1)
  8 bats
  7 goblins
  8 hobgoblins
  4 jackals
  A quokka (D:4)
  5 giant cockroaches
  3 giant newts
  4 kobolds
  8 rats
54 creatures vanquished.

Notes
Turn   | Place    | Note
--------------------------------------------------------------
     0 | D:1      | July, the Spriggan Enchanter, began the quest for the Orb.
     0 | D:1      | Reached XP level 1. HP: 9/9 MP: 4/4
   105 | D:1      | Reached skill level 4 in Stealth
   114 | D:1      | Reached XP level 2. HP: 8/13 MP: 7/7
   513 | D:1      | Reached skill level 5 in Stealth
   890 | D:1      | Learned a level 2 spell: Ensorcelled Hibernation
  1160 | D:2      | Reached XP level 3. HP: 8/16 MP: 9/9
  2540 | D:4      | Reached XP level 4. HP: 19/21 MP: 12/15
  2684 | D:4      | Reached skill level 5 in Spellcasting
  2938 | D:3      | Noticed Grinder
  2949 | D:3      | Paralysed by Grinder for 5 turns
  2951 | D:3      | HP: 1/21 [Grinder (6)]
  2951 | D:3      | Slain by Grinder

Action                   |  1- 3 |  4- 6 || total
-------------------------+-------+-------++-------
Melee: Dagger            |   216 |    24 ||   240
Throw: Dart              |     3 |       ||     3
  Use: Scroll            |       |     6 ||     6
 Stab: Sleeping          |     8 |     2 ||    10
       Distracted        |     1 |       ||     1
